 Dungeon Crawl Stone Soup version 0.20-a0-942-ga5226df (webtiles) character file.

4 M4edhros the Grave Robber (level 1, 0/11 HPs)
             Began as an Octopode Necromancer on Apr 1, 2017.
             Slain by a human (6 damage)
             ... on level 2 of the Dungeon.
             The game lasted 00:00:43 (125 turns).

M4edhros the Grave Robber (Octopode Necromancer)     Turns: 125, Time: 00:00:44

Health: 0/11       AC:  1    Str:  7    XL:     1   Next: 70%
Magic:  3/3        EV: 13    Int: 17    God:
Gold:   34         SH:  0    Dex: 12    Spells: 2/4 levels left

rFire    . . .     SeeInvis .     - Unarmed
rCold    . . .     Gourm    .   (no shield)
rNeg     . . .     Faith    .   (helmet restricted)
rPois    .         Spirit   .   (no amulet)
rElec    .         Reflect  .   (no ring)
rCorr    .         Harm     .   (no ring)
MR       .....                  (no ring)
Stlth    +++.......             (no ring)
Regen    0.1/turn               (no ring)
MPRegen  0.1/turn               (no ring)
                                (no ring)
                                (no ring)

@: no status effects
A: almost no armour, stealthy swim, amphibious, 8 rings, constrict 8, camouflage
1, gelatinous body 1
a: no special abilities


You were on level 2 of the Dungeon.
You were not hungry.

You visited 1 branch of the dungeon, and saw 2 of its levels.

You collected 34 gold pieces.

Inventory:

Scrolls
 e - 2 scrolls of teleportation {unknown}
Potions
 d - 2 potions of heal wounds {unknown}
Books
 a - a book of Necromancy

   Spells                             Type                      Level
   a - Pain                           Necromancy                   1
   b - Animate Skeleton               Necromancy                   1
   c - Vampiric Draining              Necromancy                   3
   d - Regeneration                   Charms/Necromancy            3
   e - Animate Dead                   Necromancy                   4
   f - Control Undead                 Necromancy                   4
Comestibles
 b - a bread ration
 c - a fruit
 f - 5 chunks of flesh


   Skills:
 - Level 2.0 Dodging
 - Level 2.6 Stealth
 + Level 1.2 Unarmed Combat
 - Level 2.0 Spellcasting
 - Level 4.0 Necromancy


You had 2 spell levels left.
You knew the following spells:

 Your Spells              Type           Power        Failure   Level  Hunger
a - Pain                  Necr           ###.         3%          1    #......
b - Animate Skeleton      Necr           N/A          3%          1    #......


Dungeon Overview and Level Annotations

Branches:
Dungeon (2/15)

Altars:
Yredelemnul


Innate Abilities, Weirdness & Mutations

You cannot wear most types of armour.
You are very stealthy in the water. (Stealth+)
You are amphibious.
You can wear up to eight rings at the same time.
You can use your tentacles to constrict eight enemies at once.
Your skin changes colour to match your surroundings (Stealth+).
Your rubbery body absorbs attacks. (AC +1, EV +1)


Message History

You tentacle-slap the human but do no damage.
The human is lightly wounded.
You constrict the human.
Your bat skeleton hits the human.
Your bat skeleton hits the human but does no damage.
The human closely misses you.
Your bat skeleton hits the human but does no damage.
Unknown command.
You tentacle-slap the human.
The human is moderately wounded.
You constrict the human.
Your bat skeleton hits the human but does no damage.
Your bat skeleton hits the human.
The human barely misses you.
Your bat skeleton hits the human.
You tentacle-slap the human.
The human is heavily wounded.
You constrict the human.
Your bat skeleton hits the human but does no damage. x2
The human hits you.
Ouch! That really hurt!
You die...

#.. ..# # #...
#>. .
#...###.##.###
##...#....#...>
#....#.#..#...
#..#.....8#
#.......Z.#
#....Z@#####
##.###p#...# #
##.#.'.#._.#
#.#..###.#...#
#........#####
#.##......# #.
#.....8## #
###..[..#
##.####


You could see a human, a friendly bat skeleton and a friendly hobgoblin
skeleton.

Vanquished Creatures
  A goblin (D:1)
  2 hobgoblins (D:2)
  A bat (D:2)
4 creatures vanquished.

Notes
Turn   | Place    | Note
-------+----------+-------------------------------------------
     0 | D:1      | M4edhros the Octopode Necromancer began the quest for the Orb.
     0 | D:1      | Reached XP level 1. HP: 11/11 MP: 3/3
    56 | D:1      | Learned a level 1 spell: Animate Skeleton
    70 | D:2      | Reached skill level 1 in Unarmed Combat
    96 | D:2      | Found a runed door.
    96 | D:2      | Noticed a human
   104 | D:2      | Found a basalt altar of Yredelemnul.
   125 | D:2      | Slain by a human

Vault maps used:
D:1:      dpeg_arrival_rhombus
D:2:      kb_forest_paths, grunt_temple_overflow_holy_war,
          roderic_roman_lattice, dk_yredelemnul_ordeal

Skill      XL: |  1 |
---------------+----+-----
Unarmed Combat | 1 |  1.2
Dodging        | |  2.0
Stealth        | |  2.6
Spellcasting   | |  2.0
Necromancy     | |  4.0

Action                   || total
-------------------------++-------
Melee: Unarmed           ||    17
       Constrict         ||     4
       Tentacles         ||     3
 Cast: Animate Skeleton  ||     2
 Stab: Sleeping          ||     2
Armor: Skin              ||     1
Dodge: Dodged            ||     9
